 Dungeon Crawl Stone Soup version 0.22.1-1-ga44c0e5 (webtiles) character file.

245 geeseburger the Skirmisher (level 5, -2/50 HPs)
             Began as a Demigod Fighter on Oct 1, 2018.
             Slain by Grinder (6 damage)
             ... on level 4 of the Dungeon.
             The game lasted 00:06:12 (3167 turns).

geeseburger the Skirmisher (Demigod Fighter)        Turns: 3167, Time: 00:06:13

Health: -2/50      AC:  6    Str: 21    XL:     5   Next: 53%
Magic:  16/16      EV:  7    Int: 12    God:
Gold:   80         SH:  9    Dex: 15    Spells: 4/4 levels left

rFire    + . .     SeeInvis .   j - +0 dagger (venom)
rCold    . . .     Gourm    .   c - +0 shield
rNeg     . . .     Faith    .   b - +0 scale mail
rPois    .         Spirit   .   (no helmet)
rElec    .         Reflect  .   (no cloak)
rCorr    .         Harm     .   (no gloves)
MR       .....                  (no boots)
Stlth    ..........             (no amulet)
HPRegen  0.16/turn              n - ring of protection from fire
MPRegen  0.15/turn              s - ring of magical power

@: no status effects
A: high mp 1
a: no special abilities


You were on level 4 of the Dungeon.
You were not hungry.

You visited 1 branch of the dungeon, and saw 4 of its levels.

You collected 80 gold pieces.

Inventory:

Hand Weapons
 a - a +0 long sword
 j - a +0 dagger of venom (weapon)
Armour
 b - a +0 scale mail (worn)
 c - a +0 shield (worn)
Jewellery
 n - a ring of protection from fire (left hand)
 r - an uncursed ring of resist corrosion
 s - a ring of magical power (right hand)
Scrolls
 g - 3 scrolls of teleportation
 i - 3 scrolls of remove curse
 u - a scroll of enchant weapon {unknown}
 v - a scroll of noise {unknown}
Potions
 d - a potion of might
 e - 2 potions of resistance
 f - 2 potions of ambrosia {unknown}
 h - 2 potions of lignification {unknown}
 k - a potion of brilliance {unknown}
 l - 2 potions of haste {unknown}
 o - a potion of mutation {unknown}
 p - a potion of heal wounds {unknown}
 q - a potion of berserk rage {unknown}
 t - a potion of agility {unknown}
Comestibles
 m - 4 rations


   Skills:
 * Level 6.0 Fighting
 - Level 1.7 Long Blades
 - Level 2.6 Armour
 - Level 2.6 Shields


You had 4 spell levels left.
You didn't know any spells.
Your spell library contained the following spells:

 Spells                   Type           Power        Failure   Level  Hunger
 Magic Dart               Conj           #...         99%         1    ##.....
 Blink                    Tloc           N/A          100%        2    ###....
 Call Imp                 Summ           #.......     100%        2    ###....
 Slow                     Hex            #.......     100%        2    ###....
 Conjure Flame            Conj/Fire      #.......     100%        3    ####...
 Mephitic Cloud           Conj/Pois/Air  #.......     100%        3    ####...


Dungeon Overview and Level Annotations

Branches:
Dungeon (4/15)
 Temple: D:4-7

Shops:
D:2 *

Annotations:
D:4 Grinder


Innate Abilities, Weirdness & Mutations

You have an increased reservoir of magic. (+10% MP)


Message History

Grinder is lightly wounded.
Grinder hits you.
You writhe in agony.
Grinder hits you.
You writhe in agony.
You hit Grinder.
Grinder looks as sick as possible!
Grinder is moderately wounded.
You block Grinder's attack.
Your shield prevents you from hitting Grinder.
Grinder is moderately wounded.
You block Grinder's attack.
You closely miss Grinder.
Grinder is heavily wounded.
Grinder hits you.
* * * LOW HITPOINT WARNING * * *
You writhe in agony.
* * * LOW HITPOINT WARNING * * *
You hit Grinder.
Grinder is heavily wounded.
Grinder hits you.
* * * LOW HITPOINT WARNING * * *
You writhe in agony.
You die...

......
##........#
....##
#.......###
.#
#.......#
.#
#.......#
.#
###...#.#
#####.#
#.## #.5#
#.@# ##.#
#...#
#....#
#.....#
#.....#
#......#
#.......
#.......


You could see Grinder.

Vanquished Creatures
  2 orc priests (D:3)
  2 orc wizards
  3 adders (D:2)
  An ooze (D:2)
  3 worms
  4 dart slugs
  3 leopard geckos (D:1)
  8 orcs
  4 giant cockroaches
  5 goblins
  11 hobgoblins
  A quokka (D:3)
  7 bats
  4 frilled lizards
  7 kobolds
  A quokka skeleton (D:4)
  13 rats
79 creatures vanquished.

Notes
Turn   | Place    | Note
-------+----------+-------------------------------------------
     0 | D:1      | geeseburger the Demigod Fighter began the quest for the
                  | Orb.
     0 | D:1      | Reached XP level 1. HP: 18/18 MP: 3/3
   102 | D:1      | Reached skill level 3 in Fighting
   190 | D:1      | Reached XP level 2. HP: 21/26 MP: 4/4
   771 | D:2      | Reached XP level 3. HP: 33/33 MP: 5/5
   779 | D:2      | Reached skill level 4 in Fighting
   887 | D:2      | Found Zin's Purification Station.
   892 | D:2      | Found a glowing silver altar of Zin.
  1104 | D:2      | Found a basalt altar of Yredelemnul.
  1535 | D:2      | Reached XP level 4. HP: 40/41 MP: 6/6
  1647 | D:2      | Reached skill level 5 in Fighting
  2286 | D:3      | Reached XP level 5. HP: 22/48 MP: 7/7
  2693 | D:3      | Reached skill level 6 in Fighting
  3151 | D:4      | Noticed Grinder
  3160 | D:4      | Paralysed by Grinder for 3 turns
  3167 | D:4      | Slain by Grinder

Skill      XL: |  1  2  3  4  5 |
---------------+----------------+-----
Fighting       | 3 4 5 6 |  6.0
Long Blades    | |  1.7
Armour         | |  2.6
Shields        | |  2.6

Action                   |  1- 3 |  4- 6 || total
-------------------------+-------+-------++-------
Melee: Long sword        |   148 |    44 ||   192
       Dagger            |       |    86 ||    86
  Use: Scroll            |     4 |     2 ||     6
  Eat: Ration            |     1 |     2 ||     3
Armor: Scale mail        |    74 |    46 ||   120
Dodge: Dodged            |    42 |    28 ||    70
Block: Shield            |    83 |    64 ||   147
       Rpst.: Long sword |    14 |     2 ||    16
